 Dungeon Crawl Stone Soup version 0.32-a0-711-g016ad743e0 (webtiles) character file.

Game seed: 13956665736263314013

3043 Doorstop00 the Basher (level 9, -1/79 HPs)
             Began as a Minotaur Berserker on Mar 15, 2024.
             Was a Priest of Trog.
             Succumbed to Erica's bolt of poison
             ... on level 8 of the Dungeon.
             The game lasted 00:39:12 (6734 turns).

Doorstop00 the Basher (Minotaur Berserker)          Turns: 6734, Time: 00:39:12

Health: -1/79      AC: 15    Str: 24    XL:     9   Next: 56%
Magic:  1/8        EV: -2    Int:  4    God:    Trog [***...]
Gold:   320        SH:  0    Dex: 12    Spells: 8/8 levels left

rFire   + . .        B - +3 flail (freeze)
rCold   . . .        (no shield)
rNeg    . . .        G - +0 plate armour
rPois   .            (helmet restricted)
rElec   .            (no cloak)
rCorr   .            (no gloves)
SInv    +            v - +0 pair of boots
Will    ++...        o - amulet of guardian spirit Stlth
                     d - ring of see invisible
HPRegen 1.33/turn    y - ring of protection from fire
MPRegen 0.11/turn

%: guardian spirit
@: lethally poisoned (-1 -> -10), strong-willed, regenerating, slowed,
constricted, very slow
A: horns 2, retaliatory headbutt
a: Renounce Religion, Berserk, Trog's Hand


You were on level 8 of the Dungeon.
You worshipped Trog.
Trog was most pleased with you.
You visited 2 branches of the dungeon, and saw 9 of its levels.
You also visited: Bailey.

You collected 358 gold pieces.
You spent 38 gold pieces at shops.

Inventory:

Hand Weapons
 m - a +0 flail
 q - a +2 halberd of electrocution
 u - a +2 dire flail of holy wrath
 x - a +4 halberd
 B - a +3 flail of freezing (weapon)
Missiles
 F - a throwing net (quivered)
Armour
 s - a +0 chain mail
 v - a +0 pair of boots (worn)
 G - a +0 plate armour (worn)
Jewellery
 d - a ring of see invisible (left hand)
 o - an amulet of guardian spirit (around neck)
 y - a ring of protection from fire (right hand)
Talismans
 b - a beast talisman
 e - a flux talisman
Wands
 j - a wand of paralysis (15)
Scrolls
 i - 2 scrolls of identify
 n - 3 scrolls of teleportation
 t - 2 scrolls of amnesia
 A - a scroll of enchant weapon {unknown}
 C - a scroll of brand weapon {unknown}
 D - a scroll of immolation {unknown}
 H - 2 scrolls of revelation
Potions
 c - 3 potions of enlightenment
 f - 2 potions of might
 g - 4 potions of curing
 k - a potion of heal wounds {unknown}
 l - a potion of degeneration {unknown}
 p - a potion of mutation {unknown}
 r - a potion of attraction {unknown}
 w - a potion of invisibility {unknown}
 E - a potion of ambrosia {unknown}
 I - a potion of haste {unknown}
 J - a potion of resistance {unknown}


   Skills:
 * Level 7.4 Fighting
 * Level 7.1(9.3) Axes
 * Level 9.4(10.5) Maces & Flails
 * Level 8.5 Armour
 * Level 4.6 Dodging
 + Level 0.3 Stealth


You had 8 spell levels left.
You didn't know any spells.
Your spell library was empty.

Dungeon Overview and Level Annotations

Branches:
Dungeon (8/15)             Temple (1/1) D:4          Bailey (visited)
   Lair: D:8-11

Altars:
Ashenzari
Cheibriados
Dithmenos
Elyvilon
Fedhas
Gozag
Hepliaklqana
Kikubaaqudgha
Makhleb
Nemelex Xobeh
Okawaru
Qazlal
Ru
Sif Muna
Trog
Uskayaw
Vehumet
Wu Jian
Xom
Yredelemnul
Zin
The Shining One

Shops:
D:2 *

Annotations:
D:8 Erica


Innate Abilities, Weirdness & Mutations

You have a pair of horns on your head.
You reflexively headbutt those who attack you in melee.


Message History

Erica casts a spell at you.
You feel yourself slow down.
Your +2 dire flail of holy wrath stops glowing.
Your +3 flail of freezing glows with a cold blue light!
B - a +3 flail of freezing (weapon)
Found a chain mail.
Found a stone staircase leading down.
Erica screams, "You'll never get it!"
You see here 11 gold pieces.
Erica hits you with a +3 scimitar of flaming!
Erica burns you. Erica completely misses you.
You bludgeon Erica!! You freeze Erica.
Erica is moderately wounded.
Erica hits you with a +3 scimitar of flaming!
Erica burns you. Erica grabs you. Erica constricts you.
Erica hits you with a +3 scimitar of flaming!
Erica constricts you.
You sock Erica! You freeze Erica. Your headbutt misses Erica.
Erica is heavily wounded.
Erica hits you with a +3 scimitar of flaming.
Erica burns you. Erica constricts you.
You miss Erica. Your headbutt misses Erica.
Erica is heavily wounded.
Erica hits you but does no damage. Erica constricts you.
You barely miss Erica. Your headbutt misses Erica.
Erica is heavily wounded.
Erica hits you with a +3 scimitar of flaming.
Erica constricts you.
You hit Erica.
Erica is heavily wounded.
Erica hits you with a +3 scimitar of flaming!
Erica burns you. Erica constricts you.
Erica stares at you and mumbles some strange words.
The bolt of poison hits you!!
You are poisoned.
* * * LOW HITPOINT WARNING * * *
Erica constricts you.
* * * LOW HITPOINT WARNING * * *
Your skin crawls.
You feel strong-willed.
You die...

########..###### #..#
###..########
####............ #
##.##........##.# .# #
##.#.#....######.##.##..
..###...#.######........
.## ##...........x..>...
#.###...#.#####.@....[..
##.#.#.[#.# #$###.###.
##.##..#.# #.#
######...># #.#
........#.# #.#
.######.#.# #.# #...#
#.# ..####.#.# #.#
......[..#####.#


You could see Erica.

Vanquished Creatures
  An orc knight (Bailey)
  An unseen horror (D:7)
  Edmund (D:5)
  2 water moccasins
  2 orc warriors (D:7)
  A sky beast (D:7)
  An ice beast (D:5)
  A phantom (D:6)
  Blork the orc (D:5)
  A gnoll sergeant (D:2)
  A scorpion (D:7)
  7 wights (D:6)
  A killer bee (D:7)
  2 bombardier beetles
  A howler monkey (D:5)
  4 hounds
  6 orc priests
  A jelly (D:5)
  2 sleepcaps
  3 iguanas
  6 orc wizards
  14 gnolls
  3 adders
  A white imp (D:6)
  2 dart slugs
  3 ribbon worms (D:2)
  12 orcs
  7 ball pythons
  7 endoplasms
  A giant cockroach (D:2)
  5 goblins
  8 hobgoblins
  8 kobolds
  5 quokkas
  4 bats
  3 rats
  A butterfly (D:5)
130 creatures vanquished.

Notes
Turn   | Place    | Note
-------+----------+-------------------------------------------
     0 | D:1      | Doorstop00 the Minotaur Berserker began the quest for the
                  | Orb.
     0 | D:1      | Reached XP level 1. HP: 19/19 MP: 0/0
   140 | D:1      | Reached XP level 2. HP: 24/27 MP: 1/1
   340 | D:1      | Reached skill level 1 in Maces & Flails
   655 | D:2      | Reached XP level 3. HP: 29/33 MP: 2/2
   838 | D:2      | Reached ** piety under Trog
  1001 | D:2      | Found Uroopt's Assorted Antiques.
  1006 | D:2      | Bought 2 scrolls labelled MURPHA PUN MUL for 38 gold pieces
  1103 | D:2      | Reached XP level 4. HP: 40/41 MP: 3/3
  1163 | D:2      | Found a faded altar of an unknown god.
  1419 | D:3      | Noticed a gnoll sergeant
  1515 | D:2      | Reached skill level 5 in Axes
  1539 | D:2      | Killed a gnoll sergeant
  1540 | D:2      | Reached skill level 2 in Maces & Flails
  1540 | D:2      | Reached XP level 5. HP: 33/47 MP: 4/4
  2198 | D:4      | Found a staircase to the Ecumenical Temple.
  2211 | Temple   | Entered the Ecumenical Temple
  2880 | D:5      | Entered Level 5 of the Dungeon
  2907 | D:5      | Reached XP level 6. HP: 41/55 MP: 5/5
  2916 | D:5      | Noticed Edmund
  2925 | D:5      | Killed Edmund
  2926 | D:5      | Reached skill level 5 in Fighting
  2929 | D:5      | Found a shimmering altar of Xom.
  2968 | D:5      | Reached skill level 3 in Maces & Flails
  2973 | D:6      | Noticed a water moccasin
  2992 | D:6      | Killed a water moccasin
  2993 | D:6      | Reached skill level 5 in Armour
  2993 | D:6      | Reached XP level 7. HP: 23/61 MP: 2/6
  3045 | D:5      | Reached skill level 4 in Maces & Flails
  3282 | D:5      | Reached skill level 5 in Maces & Flails
  3421 | D:5      | Noticed Blork the orc
  3427 | D:5      | Killed Blork the orc
  3877 | D:5      | Reached skill level 6 in Maces & Flails
  3877 | D:5      | Reached XP level 8. HP: 61/69 MP: 5/7
  3936 | D:6      | Reached *** piety under Trog
  4170 | D:6      | Reached skill level 7 in Maces & Flails
  4965 | D:7      | Noticed an unseen horror
  4976 | D:7      | Killed an unseen horror
  4977 | D:7      | Reached skill level 8 in Maces & Flails
  5058 | D:7      | Reached XP level 9. HP: 65/78 MP: 6/8
  5494 | D:7      | Found a flagged portal.
  5503 | Bailey   | Entered a bailey
  5679 | Bailey   | Noticed an orc knight
  5716 | Bailey   | Killed an orc knight
  5717 | Bailey   | Reached skill level 9 in Maces & Flails
  6725 | D:8      | Noticed Erica
  6734 | D:8      | Succumbed to Erica's bolt of poison

Illustrated notes

Levels and vault maps discovered:
D:1:      dpeg_arrival_morbid_curiosity, layout_basic
D:2:      layout_basic, dilly_ecumenical_altar_fadedgnrine, serial_shops,
          nicolae_shop_rolling_square, minmay_misc_feat_rows
D:3:      layout_loops_ring
D:4:      layout_loops_cross, minmay_temple_entry_water_ring,
          hangedman_abyss_or_decor_passed
D:5:      layout_loops_ring, xom_butterflies, uniq_blork_the_orc, uniq_edmund
D:6:      layout_basic, serial_glass, glass_columns_a, glass_columns_a,
          glass_columns_c, glass_columns_a, glass_columns_a, glass_columns_a,
          glass_columns_c, glass_columns_a, glass_columns_c, glass_columns_a,
          glass_columns_a, glass_columns_b, glass_columns_c, glass_columns_a
D:7:      layout_cave_pods, enter_bailey_8, chequers_decorated_corner,
          kennysheep_generic_room_9
D:8:      layout_loops_ring, uniq_maggie, uniq_erica
Temple:   regret_index_temple_sigil_plot

Skill      XL: |  1  2  3  4  5  6  7  8  9 |
---------------+----------------------------+-----
Fighting       | 4 5 6 7 |  7.4
Maces & Flails | 1 2 3 6 8 9 |  9.4
Axes           | 4 5 6 7 |  7.1
Armour         | 3 4 5 7 8 |  8.5
Dodging        | 3 4 |  4.6
Stealth        | |  0.3

Action                     |  1- 3 |  4- 6 |  7- 9 || total
---------------------------+-------+-------+-------++-------
  Melee: Hand axe          |    97 |    19 |       ||   116
         Headbutt          |    12 |    11 |    25 ||    48
         Flail             |       |    40 |    34 ||    74
         Dire flail        |       |    17 |   139 ||   156
 Invoke: Berserk           |       |     2 |     1 ||     3
         Trog's Hand       |       |       |     2 ||     2
    Use: Scroll            |     2 |     2 |     6 ||    10
         Potion            |       |     1 |     2 ||     3
 Armour: Leather armour    |    10 |       |       ||    10
         Animal skin       |     1 |       |       ||     1
         Ring mail         |    47 |    32 |       ||    79
         Chain mail        |       |    39 |    71 ||   110
         Scale mail        |       |     1 |       ||     1
         Plate armour      |       |       |    76 ||    76
  Dodge: Dodged            |    53 |    55 |    76 ||   184

Table legend: (Time is in decaauts)
 A = Elapsed time spent in this place.
 B = Non-inter-level travel time spent in this place.
 C = Inter-level travel time spent in this place.
 D = Time resting spent in this place.
 E = Time spent auto-exploring this place.
 F = Levels seen in this place.
 G = Mean time per level.
                   A        B        C        D        E       F      G
               +--------+--------+--------+--------+--------+-----+--------+
         Total |   6772 |   6634 |    138 |   1150 |   3674 |  10 |  677.2 |
       Dungeon |   6495 |   6403 |     92 |   1090 |   3674 |   8 |  811.9 |
        Temple |     51 |      5 |     46 |      0 |      0 |   1 |   51.0 |
        Bailey |    225 |    225 |      0 |     60 |      0 |   1 |  225.0 |
               +--------+--------+--------+--------+--------+-----+--------+

Top non-repeatable levels by time:
     D:7: 1297 daAuts
     D:5: 1098 daAuts
     D:6: 1065 daAuts
     D:2: 922 daAuts
     D:4: 772 daAuts
     D:1: 646 daAuts
     D:3: 619 daAuts
  Bailey: 225 daAuts
     D:8: 71 daAuts
  Temple: 51 daAuts
